 Dungeon Crawl Stone Soup version 0.28-a0-589-g333b8329f1 (webtiles) character file.

Game seed: 5484787621165666460

108 Heedrag the Covered (level 4, 0/40 HPs)
             Began as a Minotaur Fighter on Oct 3, 2021.
             Succumbed to Terence's poison
             ... on level 3 of the Dungeon.
             The game lasted 00:02:29 (2124 turns).

Heedrag the Covered (Minotaur Fighter)              Turns: 2124, Time: 00:02:29

Health: 0/40       AC: 11    Str: 22    XL:     4   Next: 58%
Magic:  3/3        EV:  6    Int:  5    God:
Gold:   148        SH:  4    Dex:  9    Spells: 3/3 levels left

rFire   . . .      SeeInvis .   a - +0 war axe
rCold   . . .      Faith    .   c - +0 buckler
rNeg    . . .      Spirit   .   h - +0 plate armour
rPois   .          Reflect  .   (helmet restricted)
rElec   .          Harm     .   (no cloak)
rCorr   .          Rampage  .   (no gloves)
Will    .....                   (no boots)
Stlth   ..........              (no amulet)
HPRegen 0.13/turn               (no ring)
MPRegen 0.08/turn               (no ring)

@: lethally poisoned (0 -> -16)
A: horns 2, retaliatory headbutt
a: no special abilities


You were on level 3 of the Dungeon.
You visited 1 branch of the dungeon, and saw 3 of its levels.

You collected 148 gold pieces.

Inventory:

Hand Weapons
 a - a +0 war axe (weapon)
Missiles
 u - 6 boomerangs (quivered)
Armour
 b - a +0 scale mail
 c - a +0 buckler (worn)
 h - a +0 plate armour (worn)
   (You found it on level 1 of the Dungeon)
 s - a +0 pair of boots
   (You found it on level 3 of the Dungeon)
Jewellery
 g - a +6 ring of dexterity
   (You found it on level 1 of the Dungeon)
Scrolls
 e - a scroll of brand weapon {unknown}
 f - a scroll of teleportation {unknown}
 i - a scroll of enchant weapon {unknown}
 j - a scroll of noise {unknown}
 k - a scroll of amnesia {unknown}
 l - 2 scrolls of identify {unknown}
 m - a scroll of blinking {unknown}
 p - a scroll of enchant armour {unknown}
 q - a scroll of magic mapping {unknown}
Potions
 d - 2 potions of might
 n - a potion of curing {@q1}
 o - a potion of magic {unknown}
 r - 2 potions of heal wounds {unknown}
 t - a potion of berserk rage {unknown}


   Skills:
 + Level 4.2 Fighting
 * Level 3.9 Axes
 * Level 0.0 Throwing
 + Level 4.2 Armour
 + Level 1.6 Dodging
 + Level 4.2 Shields


You had 3 spell levels left.
You didn't know any spells.
Your spell library was empty.

Dungeon Overview and Level Annotations

Branches:
Dungeon (3/15)

Altars:
Makhleb

Shops:
D:1 :

Annotations:
D:3 2 runed translucent doors, Terence; devil0160's ghost, amateur DrVM


Innate Abilities, Weirdness & Mutations

You have a pair of horns on your head.
You reflexively headbutt those who attack you in melee.


Message History

Search for what [Enter for "plate", or ? for help]? throw
Things that are here:
6 boomerangs; a hobgoblin corpse
u - 6 boomerangs
Found 20 stones.
You see here 20 stones.
Terence the Incautious comes into view.
He is wielding a +1 hand axe of venom.
Found a stone staircase leading up.
Terence shouts!
Terence says, "Don't bother to defend, it's senseless."
You block Terence's attack.
You closely miss Terence. You block Terence's attack.
You slash Terence! Your headbutt misses Terence.
Terence looks scornfully at you. Terence hits you but does no damage.
You are poisoned.
Terence barely misses you.
You hit Terence.
You feel sick.
Terence hits you with a +1 hand axe of venom.
You hit Terence but do no damage.
You feel sick.
Terence drinks a potion.
Terence is healed!
You hit Terence.
You feel sick. Terence hits you but does no damage.
You are more poisoned.
Terence hits you but does no damage.
You are more poisoned.
You closely miss Terence.
You feel very sick. Terence barely misses you. You furiously retaliate!
You headbutt Terence. You hit Terence. You headbutt Terence.
You feel very sick. You block Terence's attack.
You hit Terence.
You feel very sick.
Terence hits you with a +1 hand axe of venom.
You are more poisoned.
Terence hits you with a +1 hand axe of venom.
* * * LOW HITPOINT WARNING * * *
You are lethally poisoned!
Unknown command.
Your plate armour prevents you from hitting Terence.
Your headbutt misses Terence.
* * * LOW HITPOINT WARNING * * *
You feel extremely sick. You block Terence's attack.
You barely miss Terence. Your headbutt misses Terence.
* * * LOW HITPOINT WARNING * * *
You feel very sick. You block Terence's attack.
You hit Terence but do no damage. Your headbutt misses Terence.
You die...

.....♣.♣.♣.♣.♣.♣.♣.♣.
...<.......♣...♣...♣....
........♣.♣.♣.♣.♣.♣.♣.♣.
.........♣...♣...♣(..♣.#
........♣.♣.♣.♣.♣.♣.♣.♣#
...........♣...♣...♣....
......#.♣.♣.♣.♣.♣.♣.♣.♣#
.........♣...♣...♣...♣..
......@@..♣.♣.♣.♣.♣.♣.##
......#.###.....##....##
..... #.###.....##....##
.... ..................
### +######......#....##
....................
............_.......
.........#......#...
.........#####..####


You could see Terence.

Vanquished Creatures
  A hound (D:2)
  Jessica (D:3)
  2 adders
  3 orcs (D:3)
  4 ball pythons
  3 endoplasms (D:2)
  2 goblins
  A hobgoblin (D:3)
  A quokka (D:3)
  4 bats
  2 frilled lizards
  7 kobolds
  4 rats
35 creatures vanquished.

Notes
Turn   | Place    | Note
-------+----------+-------------------------------------------
     0 | D:1      | Heedrag the Minotaur Fighter began the quest for the Orb.
     0 | D:1      | Reached XP level 1. HP: 19/19 MP: 0/0
    79 | D:1      | Found Citotram's Book Shoppe.
   310 | D:1      | Found a faded altar of an unknown god.
   814 | D:2      | Noticed a hound
   820 | D:2      | Killed a hound
   821 | D:2      | Reached skill level 1 in Dodging
   821 | D:2      | Reached XP level 2. HP: 19/27 MP: 1/1
   821 | D:2      | Reached XP level 3. HP: 24/33 MP: 2/2
  1614 | D:3      | Noticed Jessica
  1626 | D:3      | Killed Jessica
  1627 | D:3      | Reached XP level 4. HP: 26/40 MP: 3/3
  1835 | D:3      | Found a runed translucent door.
  1839 | D:3      | Noticed devil0160's ghost (amateur DrVM)
  1930 | D:3      | Found a runed translucent door.
  2014 | D:3      | Found a burning altar of Makhleb.
  2110 | D:3      | Noticed Terence
  2124 | D:3      | Succumbed to Terence's poison

Illustrated notes

Levels and vault maps discovered:
D:1:      minmay_arrival_four_loops, layout_loops_cross, serial_shops,
          nicolae_diamond_shop, serial_aquarium, aquarium_bridge_island_large
          [aquarium_subvault_large_water, aquarium_subvault_bridge,
          aquarium_subvault_bridge, aquarium_subvault_window,
          aquarium_subvault_window], aquarium_window_fake, aquarium_window_fake,
          aquarium_window_fake, aquarium_view_2c, aquarium_view_2d,
          aquarium_balcony_1b, aquarium_pool_split,
          hellmonk_ecumenical_altar_lost_god
D:2:      layout_basic
D:3:      layout_basic, bloody_makhleb, mainiacjoe_overflow_surrounded_room,
          ebering_ghost_sewer_f, kennysheep_crisscross, uniq_jessica,
          uniq_terence

Skill      XL: |  1  2  3 |
---------------+----------+-----
Axes           | 3 |  3.9
Dodging        | 1 |  1.6
Armour         | 4 |  4.2
Shields        | 4 |  4.2
Fighting       | 4 |  4.2

Action                   |  1- 3 |  4- 6 || total
-------------------------+-------+-------++-------
Melee: War axe           |    44 |    39 ||    83
       Headbutt          |     5 |     2 ||     7
Armor: Plate armour      |    32 |    18 ||    50
Dodge: Dodged            |    16 |     9 ||    25
Block: Buckler           |     2 |    11 ||    13

Table legend: (Time is in decaauts)
 A = Elapsed time spent in this place.
 B = Non-inter-level travel time spent in this place.
 C = Inter-level travel time spent in this place.
 D = Time resting spent in this place.
 E = Time spent auto-exploring this place.
 F = Levels seen in this place.
 G = Mean time per level.
                   A        B        C        D        E       F      G
               +--------+--------+--------+--------+--------+-----+--------+
         Total |   2150 |   1985 |    165 |      0 |   1688 |   3 |  716.7 |
       Dungeon |   2150 |   1985 |    165 |      0 |   1688 |   3 |  716.7 |
               +--------+--------+--------+--------+--------+-----+--------+

Top non-repeatable levels by time:
     D:2: 837 daAuts
     D:1: 772 daAuts
     D:3: 540 daAuts
